 Dungeon Crawl Stone Soup version 0.30-a0-586-g23e55c9e0a (webtiles) character file.

Game seed: 7310821994913827096

2979 Zonian the Covert (level 9, -10/48 HPs)
             Began as a Vine Stalker Brigand on Jan 4, 2023.
             Was the Champion of Uskayaw.
             Mangled by Joseph
             ... wielding a +0 quarterstaff
              (17 damage)
             ... on level 7 of the Dungeon.
             The game lasted 00:11:44 (5190 turns).

Zonian the Covert (Vine Stalker Brigand)            Turns: 5190, Time: 00:11:45

Health: -10/48     AC:  7    Str: 14    XL:     9   Next: 82%
Magic:  0/10       EV: 13    Int: 11    God:    Uskayaw [******]
Gold:   314        SH:  0    Dex: 20    Spells: 8/8 levels left

rFire   . . .      SeeInvis .    i - +2 short sword (elec)
rCold   . . .      Faith    .    (no shield)
rNeg    . . .      Spirit   +    B - +0 ring mail of Defence {Regen+}
rPois   .          Reflect  .    x - +0 helmet
rElec   .          Harm     .    c - +0 cloak
rCorr   .          Rampage  .    (no gloves)
Will    +....                    (no boots)
Stlth   ++++                     (no amulet)
HPRegen 1.88/turn                (no ring)
MPRegen 0.12/turn                (no ring)

@: no status effects
A: fangs 3, regeneration 1, magic shield, antimagic bite, no potion heal 2
a: Renounce Religion, Stomp, Line Pass, Grand Finale


You were on level 7 of the Dungeon.
You worshipped Uskayaw.
Uskayaw was noncommittal.
You visited 2 branches of the dungeon, and saw 8 of its levels.

You collected 314 gold pieces.

Inventory:

Hand Weapons
 a - a +2 dagger
 f - a +0 dagger of electrocution
 h - a +1 dagger of venom
 i - a +2 short sword of electrocution (weapon)
 q - a +0 short sword
 s - a +0 dagger of venom
Missiles
 d - 24 poisoned darts (quivered)
 e - 3 curare-tipped darts
 D - 10 atropa-tipped darts
Armour
 b - a +0 robe
 c - a +0 cloak (worn)
 p - a +1 robe of cold resistance
 x - a +0 helmet (worn)
 B - the +0 ring mail of Defence (worn) {Regen+}
   (You found it on level 6 of the Dungeon)

   Regen:     It increases your rate of health regeneration.
Jewellery
 t - a ring of positive energy
 F - a ring of see invisible
Wands
 o - a wand of flame (15)
 y - a wand of roots (6)
 A - a wand of light (5)
Scrolls
 k - a scroll of teleportation
 v - 2 scrolls of amnesia
 C - a scroll of magic mapping
 E - a scroll of noise
 I - a scroll of blinking
Potions
 g - 3 potions of mutation
 j - 3 potions of heal wounds
 l - a potion of lignification
 m - a potion of magic
 n - a potion of degeneration
 r - a potion of haste
 u - 3 potions of curing
 w - a potion of flight {unknown}
 z - a potion of berserk rage {unknown}
 G - a potion of resistance


   Skills:
 + Level 5.6 Fighting
 + Level 5.6 Short Blades
 - Level 4.3 Throwing
 + Level 3.0 Armour
 + Level 4.9 Dodging
 + Level 9.2 Stealth


You had 8 spell levels left.
You didn't know any spells.
Your spell library contained the following spells:

 Spells                   Type           Power      Damage    Failure   Level
 Beastly Appendage        Tmut           0%         N/A       56%         1
 Shock                    Conj/Air       0%         1d3       56%         1
 Ensorcelled Hibernation  Hex/Ice        0%         N/A       71%         2
 Passwall                 Tmut/Erth      0%         N/A       71%         2
 Wereblood                Tmut           0%         N/A       71%         2
 Spider Form              Tmut/Pois      0%         N/A       91%         3
 Swiftness                Air            0%         N/A       91%         3
 Airstrike                Air            0%         2d(0-16)  100%        4
 Anguish                  Hex/Necr       0%         N/A       100%        4


Dungeon Overview and Level Annotations

Branches:
Dungeon (7/15)             Temple (1/1) D:6

Altars:
Ashenzari
Dithmenos
Elyvilon
Gozag
Ru
Uskayaw
Vehumet

Shops:
D:6 (   D:7 [

Annotations:
D:7 Joseph


Innate Abilities, Weirdness & Mutations

You have razor-sharp teeth.
Your natural rate of healing is unusually fast.
When hurt, damage is shared between your health and your magic reserves.
Your bite disrupts and absorbs the magic of your enemies.
Potions cannot restore your health.


Message History

The bolt of light misses Joseph.
The bolt of light hits the black bear!
The black bear is heavily wounded.
The black bear is blinded.
Joseph shoots a sling bullet.
The sling bullet closely misses you.
You can now merge with and destroy a victim.
Unknown command.
Okay, then.
Unknown command.
Aiming: Fastroot
Press: ? - help, Shift-Dir - straight line, f - Joseph
Aim: Joseph, wielding a +0 sling, wearing a +0 leather armour and carrying a wand of flame (5) (lightly wounded)
The roots erupt in riotous growth!
Roots grab Joseph.
Roots grab the gnoll.
Roots grab the black bear.
The grasping roots constrict Joseph.
The grasping roots constrict the gnoll.
The grasping roots constrict the black bear.
The gnoll struggles to escape constriction.
Joseph zaps a wand.
The puff of flame hits you.
* * * LOW HITPOINT WARNING * * *
Unknown command.
Unknown command.
The grasping roots constrict Joseph!
The grasping roots constrict the gnoll!
You kill the gnoll!
The grasping roots constrict the black bear.
The roots release their grip on Joseph.
The black bear struggles to escape constriction.
Joseph unwields a +0 sling.
Joseph wields a +0 quarterstaff.
Joseph hits you with a +0 quarterstaff!
* * * LOW HITPOINT WARNING * * *
Things that are here:
a +2 heavy flail; a necrophage corpse; a gnoll corpse You hit Joseph.
Your bite misses Joseph.
Joseph is moderately wounded.
The grasping roots constrict the black bear!
You kill the black bear!
Your Armour skill increases to level 3!
Unknown command.
You barely miss Joseph.
Joseph is moderately wounded.
Joseph hits you with a +0 quarterstaff!
You die...

#...##..♣∩♣ ###+##
#...##.##.. #.....
#...#...##.##♣#
#.....
#...##.....##..
#.....
#....#.##..##..
#.....
#....#.##..##.. .....
#....+<##.<.)..
#.)####....########.#
#)@@......# #..
#####.....##########
#.........>..#
######.......#
#.......# ###....###
#.......##
#........###
#...........


You could see Joseph.

Vanquished Creatures
  A two-headed ogre (D:6)
  Menkaure (D:4)
  Duvessa (D:4)
  4 water moccasins
  A black bear (D:7)
  An ice beast (D:6)
  A sky beast (D:6)
  2 ogres
  A centaur (D:7)
  A kobold brigand (D:6)
  A bullfrog (D:7)
  2 necrophages
  A scorpion (D:6)
  A gnoll sergeant (D:7)
  The ghost of spardeous the Digger, an amateur FeEE (D:4)
  4 wights (D:6)
  Dowan (D:4)
  A howler monkey (D:4)
  2 jellies
  A gnoll bouda (D:4)
  3 iguanas
  2 orc wizards (D:6)
  11 gnolls
  8 adders
  2 shadow imps
  A white imp (D:6)
  An ufetubus (D:5)
  16 orcs
  14 ball pythons
  9 endoplasms
  4 giant cockroaches
  7 goblins
  6 hobgoblins
  6 jackals
  11 kobolds
  5 quokkas
  7 bats
  4 frilled lizards
  9 rats
155 creatures vanquished.

Notes
Turn   | Place    | Note
-------+----------+-------------------------------------------
     0 | D:1      | Zonian the Vine Stalker Brigand began the quest for the
                  | Orb.
     0 | D:1      | Reached XP level 1. HP: 11/11 MP: 2/2
    64 | D:1      | Reached skill level 1 in Dodging
    64 | D:1      | Reached XP level 2. HP: 15/15 MP: 3/3
    72 | D:1      | Reached skill level 5 in Stealth
   415 | D:1      | Reached XP level 3. HP: 18/18 MP: 4/4
   588 | D:1      | Found a faded altar of an unknown god.
  1153 | D:2      | Gained mutation: Your natural rate of healing is unusually
                  | fast. [Vine Stalker growth]
  1153 | D:2      | Reached XP level 4. HP: 17/23 MP: 1/5
  1453 | D:2      | Found a white marble altar of Elyvilon.
  1825 | D:3      | Found a sacrificial altar of Ru.
  2036 | D:3      | Reached XP level 5. HP: 27/27 MP: 6/6
  2579 | D:4      | Noticed Menkaure
  2584 | D:4      | Found a broken altar of Ashenzari.
  2589 | D:4      | Noticed Duvessa
  2594 | D:4      | Killed Menkaure
  2595 | D:4      | Reached skill level 6 in Stealth
  2595 | D:4      | Reached XP level 6. HP: 19/32 MP: 4/7
  2595 | D:4      | Noticed Dowan
  2599 | D:4      | Killed Duvessa
  2615 | D:4      | Killed Dowan
  2802 | D:4      | Reached XP level 7. HP: 34/36 MP: 8/8
  2934 | D:4      | Found a runed translucent door.
  2936 | D:4      | You fall into a shaft and drop 3 floors!
  2970 | D:7      | Found Qafim's Antique Armour Boutique.
  3040 | D:6      | Found a staircase to the Ecumenical Temple.
  3195 | D:6      | Identified the +0 ring mail of Defence {Regen+}
  3200 | D:5      | Entered Level 5 of the Dungeon
  3258 | D:5      | Identified the +6 sling of Rotation {flame, rC+}
  3271 | D:5      | Reached skill level 7 in Stealth
  3353 | D:5      | Gained mutation: You have razor-sharp teeth. [Vine Stalker
                  | growth]
  3353 | D:5      | Reached XP level 8. HP: 42/42 MP: 7/9
  3445 | D:4      | Noticed spardeous's ghost (amateur FeEE)
  3454 | D:4      | Killed spardeous's ghost
  3535 | D:4      | Identified the +4 sling of the Toadstool {freeze, rN+
                  | Dex+5}
  3992 | D:5      | Found a shadowy altar of Dithmenos.
  4323 | D:6      | Reached skill level 1 in Armour
  4348 | D:6      | Found Hamity's Weapon Shop.
  4413 | D:6      | Reached skill level 8 in Stealth
  4541 | D:6      | Noticed a two-headed ogre
  4545 | D:6      | Killed a two-headed ogre
  4546 | D:6      | Reached skill level 5 in Fighting
  4546 | D:6      | Reached skill level 5 in Short Blades
  4546 | D:6      | Reached XP level 9. HP: 47/47 MP: 10/10
  4569 | D:6      | Found an opulent altar of Gozag.
  4886 | Temple   | Entered the Ecumenical Temple
  5008 | Temple   | Became a worshipper of Uskayaw the Reveller
  5053 | D:7      | Reached * piety under Uskayaw
  5079 | D:7      | Reached ** piety under Uskayaw
  5080 | D:7      | Reached skill level 9 in Stealth
  5164 | D:7      | Noticed Joseph
  5174 | D:7      | Reached *** piety under Uskayaw
  5176 | D:7      | Reached **** piety under Uskayaw
  5186 | D:7      | Reached ***** piety under Uskayaw
  5189 | D:7      | Reached ****** piety under Uskayaw
  5190 | D:7      | Mangled by Joseph

Illustrated notes

Levels and vault maps discovered:
D:1:      lightli_arrival_flooded_house, layout_loops_corners,
          shapermc_ecumenical_altar_flowoftime, minmay_heptomino_h4
D:2:      layout_loops_ring, basic_altar
D:3:      layout_loops_ring, mainiacjoe_overflow_concentric_impassable
D:4:      layout_rooms, mainiacjoe_overflow_paths, ebering_ghost_sewer_d,
          nicolae_hexahallways, minmay_misc_feat_square, uniq_duvessa,
          uniq_menkaure
D:5:      layout_basic, mainiacjoe_overflow_alcove_2
D:6:      layout_loops_ring, grunt_gozag_breadcrumbs,
          minmay_temple_entry_from_below_b, serial_shops,
          nicolae_shop_bloodbath_and_beyond
D:7:      layout_basic, jmf_multi_god_temple2, serial_shops,
          nicolae_shop_crystal, nicolae_shop_trees, kennysheep_path_1,
          uniq_joseph
Temple:   hellmonk_temple_forest_ring

Skill      XL: |  1  2  3  4  5  6  7  8  9 |
---------------+----------------------------+-----
Dodging        | 1 2 3 4 |  4.9
Stealth        | 5 6 7 8 9 |  9.2
Fighting       | 2 3 5 |  5.6
Short Blades   | 2 3 5 |  5.6
Throwing       | 2 3 4 |  4.3
Armour         | 2 3 |  3.0

Action                   |  1- 3 |  4- 6 |  7- 9 || total
-------------------------+-------+-------+-------++-------
Melee: Dagger            |    17 |       |       ||    17
       Short sword       |    64 |   119 |   187 ||   370
       Bite              |    12 |    27 |    66 ||   105
       Punch             |       |       |     2 ||     2
Throw: Dart              |       |       |     8 ||     8
Evoke: Wand              |       |     1 |     4 ||     5
  Use: Scroll            |       |    11 |     6 ||    17
       Potion            |       |     1 |     1 ||     2
 Stab: Sleeping          |    17 |    11 |     9 ||    37
Armor: Robe              |    18 |    24 |     6 ||    48
       Ring mail         |       |       |    49 ||    49
Dodge: Dodged            |    40 |    58 |   120 ||   218

Table legend: (Time is in decaauts)
 A = Elapsed time spent in this place.
 B = Non-inter-level travel time spent in this place.
 C = Inter-level travel time spent in this place.
 D = Time resting spent in this place.
 E = Time spent auto-exploring this place.
 F = Levels seen in this place.
 G = Mean time per level.
                   A        B        C        D        E       F      G
               +--------+--------+--------+--------+--------+-----+--------+
         Total |   5132 |   4973 |    159 |    432 |   3156 |   8 |  641.5 |
       Dungeon |   4998 |   4850 |    148 |    324 |   3151 |   7 |  714.0 |
        Temple |    133 |    122 |     11 |    108 |      5 |   1 |  133.0 |
               +--------+--------+--------+--------+--------+-----+--------+

Top non-repeatable levels by time:
     D:1: 972 daAuts
     D:3: 927 daAuts
     D:6: 851 daAuts
     D:4: 744 daAuts
     D:2: 648 daAuts
     D:5: 620 daAuts
     D:7: 234 daAuts
  Temple: 133 daAuts
